 Dungeon Crawl Stone Soup version 0.28-a0-823-gb444dcf96d (webtiles) character file.

Game seed: 17607160726782605944

0 meatgazer the Skirmisher (level 1, -2/18 HPs)
             Began as a Demonspawn Abyssal Knight on Nov 9, 2021.
             Was a Follower of Lugonu.
             Slain by a large abomination (6 damage)
             ... on level 3 of the Abyss.
             The game lasted 00:00:25 (197 turns).

meatgazer the Skirmisher (Demonspawn Abyssal Knight) Turns: 197, Time: 00:00:25

Health: -2/18      AC:  3    Str: 13    XL:     1   Next: 0%
Magic:  2/2        EV: 11    Int: 11    God:    Lugonu [*.....]
Gold:   0          SH:  0    Dex: 13    Spells: 0/0 levels left

rFire   . . .      SeeInvis .   a - +1 hand axe
rCold   . . .      Faith    .   (no shield)
rNeg    . . .      Spirit   .   b - +0 leather armour
rPois   .          Reflect  .   (no helmet)
rElec   .          Harm     .   (no cloak)
rCorr   .          Rampage  .   (no gloves)
Will    .....                   (no boots)
Stlth   +.........              (no amulet)
HPRegen 0.06/turn               (no ring)
MPRegen 0.08/turn               (no ring)

@: no status effects
A: no striking features
a: Renounce Religion, Depart the Abyss


You were on level 3 of the Abyss.
You worshipped Lugonu.
Lugonu was aware of your devotion.
You visited 0 branches of the dungeon, and saw 0 of its levels.
You visited the Abyss 1 time.

Inventory:

Hand Weapons
 a - a +1 hand axe (weapon)
Missiles
 c - 2 throwing nets
Armour
 b - a +0 leather armour (worn)


   Skills:
 + Level 3.0 Fighting
 + Level 1.7 Axes
 + Level 1.7 Armour
 + Level 0.8 Dodging
 + Level 2.4 Invocations


You couldn't memorise any spells.
You didn't know any spells.
Your spell library was empty.

Dungeon Overview and Level Annotations

Branches:
Dungeon (0/15)

Altars:


Message History

The ufetubus hits you but does no damage. x2
You hit the starspawn tentacle but do no damage.
You miss the ufetubus.
The starspawn tentacle loses its grip on you.
The tentacle pulls you backwards!
A starspawn tentacle segment comes into view.
The ufetubus hits you but does no damage.
The ufetubus hits you.
It was a potion of haste.
You feel yourself speed up. The ufetubus hits you. x2
The ufetubus barely misses you. x2
The ufetubus barely misses you. x2
A tentacle flies out from the starspawn's body!
A starspawn tentacle comes into view.
There is a gateway leading deeper into the Abyss here.
The starspawn tentacle grabs you.
You stop descending the stairs.
The starspawn tentacle constricts you.
* * * LOW HITPOINT WARNING * * *
The ufetubus barely misses you. The ufetubus hits you.
* * * LOW HITPOINT WARNING * * *
Unknown command.
You escape the starspawn tentacle's grasp.
The ufetubus hits you.
* * * LOW HITPOINT WARNING * * *
The ufetubus barely misses you.
You plunge deeper into the Abyss.
The abyssal rune of Zot can be found at this depth.
Found a book of Conjurations and a ring mail.
You start resting.
Your extra speed is starting to run out.
You feel yourself slow down.
An orange demon and a cacodemon come into view.
The orange demon screeches!
You hear a screech!
A large abomination comes into view.
Found 9 gold pieces.
Found a glass wand.
The large abomination closely misses you. 2 raiju come into view.
The raiju barks! x2
The large abomination hits you.
You die...

.#.. .##. #. #.... ...
..... .... ...
##$#./##..# ..#
#...##.#..##..##.≈
#...#..........h≈
.####....#..........h
............X@# .#
............#..##
....................#
............#.......#
.............[.#..###
.. .............#..#
....#...............#
................##..#8
. §............... .#≈


You could see a large abomination and 2 raiju.

Vanquished Creatures (others)
  2 starspawn tentacles (Abyss:2)
2 creatures vanquished.

Notes
Turn   | Place    | Note
-------+----------+-------------------------------------------
     0 | Abyss:1  | meatgazer the Demonspawn Abyssal Knight began the quest for
                  | the Orb.
     0 | Abyss:1  | Reached XP level 1. HP: 18/18 MP: 2/2
   113 | Abyss:2  | Noticed a tentacled starspawn
   190 | Abyss:3  | Noticed a cacodemon
   190 | Abyss:3  | Noticed an orange demon
   193 | Abyss:3  | Noticed a large abomination
   196 | Abyss:3  | Noticed an orange crystal statue
   197 | Abyss:3  | Noticed a raiju
   197 | Abyss:3  | Noticed a raiju
   197 | Abyss:3  | Slain by a large abomination

Illustrated notes

Levels and vault maps discovered:
Abyss:3:  base: Temple, guppyfry_abyss_exit_glass_guarded,
          doesnt_abyss_rune_brain_food

Action                   || total
-------------------------++-------
Melee: Hand axe          ||     3
  Use: Potion            ||     1
Armor: Leather armour    ||     4
Dodge: Dodged            ||    11

Table legend: (Time is in decaauts)
 A = Elapsed time spent in this place.
 B = Non-inter-level travel time spent in this place.
 C = Inter-level travel time spent in this place.
 D = Time resting spent in this place.
 E = Time spent auto-exploring this place.
 F = Levels seen in this place.
 G = Mean time per level.
                   A        B        C        D        E       F      G
               +--------+--------+--------+--------+--------+-----+--------+
         Total |    177 |    177 |      0 |     26 |    116 |   3 |   59.0 |
         Abyss |    177 |    177 |      0 |     26 |    116 |   3 |   59.0 |
               +--------+--------+--------+--------+--------+-----+--------+

Top non-repeatable levels by time:
 Abyss:1: 82 daAuts
 Abyss:3: 51 daAuts
 Abyss:2: 43 daAuts
